SKY
CHICAGO CUBS @ TEXAS RANGERS
09/11/2051
 
TOP OF THE 1ST
Chicago Cubs batting - Pitching for Texas Rangers : RHP Lann Orange
Pitching: RHP Lann Orange
Batting: LHB Sebastian Reznik 0-0: Ball
1-0: Foul Ball, location: 7LSF
1-1: Ball
2-1: SINGLE (Groundball, P, EV 111.3 MPH) (infield hit)
Batting: LHB Abdul Williams 0-0: Ball
1-0: Ball
2-0: Foul Ball, location: 9LSF
2-1: SINGLE (Groundball, 34D, EV 100.0 MPH)
Sebastian Reznik to second
Batting: RHB Meredith Moore 0-0: Ball
1-0: Ball
2-0: Called Strike
2-1: Called Strike
2-2: Ball
3-2: Foul Ball, location: 5FF
3-2: Strikes out swinging
Batting: LHB Ben Waters 0-0: Ball
1-0: SINGLE (Line Drive, 6MD, EV 104.4 MPH)
Sebastian Reznik to third
Abdul Williams to second
Runner from 3rd tries for Home, SAFE, throw by CF to home
Abdul Williams to third
Ben Waters to second
Batting: LHB José Armijo 0-0: Called Strike
0-1: Ground out 5-3 (Groundball, 56, EV 89.4 MPH)
Abdul Williams scores
Batting: RHB Evan Dankowski 0-0: Ball
1-0: Called Strike
1-1: DOUBLE (Line Drive, 9LS, EV 109.4 MPH)
Ben Waters scores
Batting: RHB Jonah Daley 0-0: Ground out 6-3 (Groundball, 56, EV 79.4 MPH)
Top of the 1st over - 3 runs, 4 hits, 0 errors, 1 left on base; Chicago 3 - Texas 0
BOTTOM OF THE 1ST
Texas Rangers batting - Pitching for Chicago Cubs : RHP Roland Otano
Pitching: RHP Roland Otano
Batting: LHB Colton Moss 0-0: Ball
1-0: Ball
2-0: Called Strike
2-1: Called Strike
2-2: Foul Ball, location: 2F
2-2: Ball
3-2: Ground out 6-3 (Groundball, 56D, EV 83.1 MPH)
Batting: RHB Pedro Medrano 0-0: Ball
1-0: Foul Ball, location: 2F
1-1: Called Strike
1-2: Strikes out looking
Batting: RHB Santo Alonso 0-0: Ball
1-0: Foul Ball, location: 7LMF
1-1: Swinging Strike
1-2: Ball
2-2: Foul Ball, location: 5F
2-2: Ball
3-2: Foul Ball, location: 2F
3-2: Base on Balls
Batting: LHB Maverik Tullos 0-0: Called Strike
0-1: Ball
1-1: Ball
2-1: SINGLE (Groundball, 4MD, EV 101.3 MPH)
Santo Alonso to second
Runner from 2nd tries for 3rd, SAFE, no throw by CF
Batting: RHB Brock Boon 0-0: Swinging Strike
0-1: Foul Ball, location: 2F
0-2: Ball
1-2: Ball
2-2: Ball
3-2: Foul Ball, location: 7LDF
3-2: Ground out 5-3 (Groundball, 56, EV 101.9 MPH)
Bottom of the 1st over - 0 runs, 1 hit, 0 errors, 2 left on base; Chicago 3 - Texas 0
TOP OF THE 2ND
Chicago Cubs batting - Pitching for Texas Rangers : RHP Lann Orange
Batting: RHB Derek McCone 0-0: Called Strike
0-1: Foul Ball, location: 3F
0-2: Strikes out swinging
Batting: RHB Bobby King 0-0: Ball
1-0: Fly out, F4 (Popup, 13S, EV 87.5 MPH)
Batting: LHB Sebastian Reznik 0-0: Called Strike
0-1: Called Strike
0-2: Ball
1-2: Foul Ball, location: 3F
1-2: Strikes out swinging
Top of the 2nd over - 0 runs, 0 hits, 0 errors, 0 left on base; Chicago 3 - Texas 0
BOTTOM OF THE 2ND
Texas Rangers batting - Pitching for Chicago Cubs : RHP Roland Otano
Batting: RHB Fee Durrell 0-0: Fly out, F8 (Flyball, 89M, EV 93.1 MPH)
Batting: RHB Yanus Cartageno 0-0: Ball
1-0: Foul Ball, location: 2F
1-1: Called Strike
1-2: Ball
2-2: Ground out 6-3 (Groundball, 6MS, EV 94.4 MPH)
Batting: RHB Marco Ramos 0-0: Ball
1-0: Ball
2-0: SINGLE (Flyball, 5D, EV 94.4 MPH)
Batting: LHB Jedediah Graves 0-0: SINGLE (Line Drive, 34, EV 95.6 MPH)
Marco Ramos to second
Runner from 2nd tries for 3rd, SAFE, no throw by RF
Batting: LHB Colton Moss 0-0: Ball
1-0: Foul Ball, location: 25F
1-1: Ground out 4-3 (Groundball, 34, EV 103.1 MPH)
Bottom of the 2nd over - 0 runs, 2 hits, 0 errors, 2 left on base; Chicago 3 - Texas 0
TOP OF THE 3RD
Chicago Cubs batting - Pitching for Texas Rangers : RHP Lann Orange
Batting: LHB Abdul Williams 0-0: Ball
1-0: Foul Ball, location: 2F
1-1: Ball
2-1: Swinging Strike
2-2: SINGLE (Groundball, 34S, EV 70.0 MPH)
Batting: RHB Meredith Moore 0-0: Called Strike
0-1: Ball
1-1: Ball
2-1: Foul Ball, location: 9LMF
2-2: Strikes out swinging
Batting: LHB Ben Waters 0-0: Called Strike
0-1: Fly out, F5 (Popup, 5, EV 78.8 MPH)
Batting: LHB José Armijo 0-0: Fly out, F9 (Flyball, 9S, EV 95.0 MPH)
Top of the 3rd over - 0 runs, 1 hit, 0 errors, 1 left on base; Chicago 3 - Texas 0
BOTTOM OF THE 3RD
Texas Rangers batting - Pitching for Chicago Cubs : RHP Roland Otano
Batting: RHB Pedro Medrano 0-0: Called Strike
0-1: Called Strike
0-2: Ball
1-2: Ball
2-2: Foul Ball, location: 25F
2-2: Ball
3-2: Foul Ball, location: 9LDF
3-2: Base on Balls
Batting: RHB Santo Alonso 0-0: Ball
1-0: Ball
2-0: Foul Ball, location: 9LSF
2-1: Called Strike
2-2: Ball
3-2: Foul Ball, location: 7LSF
3-2: Foul Ball, location: 3F
3-2: Foul Ball, location: 9LDF
3-2: Foul Ball, location: 2F
3-2: Foul Ball, location: 23F
3-2: Strikes out swinging
Batting: LHB Maverik Tullos 0-0: Called Strike
0-1: Fly out, F8 (Flyball, 8LXD, EV 103.8 MPH)
Batting: RHB Brock Boon 0-0: Called Strike
0-1: Ball
1-1: Ball
2-1: Ball
3-1: Fly out, F9 (Flyball, 89M, EV 80.6 MPH)
Bottom of the 3rd over - 0 runs, 0 hits, 0 errors, 1 left on base; Chicago 3 - Texas 0
TOP OF THE 4TH
Chicago Cubs batting - Pitching for Texas Rangers : RHP Lann Orange
Batting: RHB Evan Dankowski 0-0: Ball
1-0: Ground out 4-3 (Groundball, 4, EV 78.1 MPH)
Batting: RHB Jonah Daley 0-0: Ball
1-0: Ground out 5-3 (Groundball, 56S, EV 88.8 MPH)
Batting: RHB Derek McCone 0-0: Called Strike
0-1: Ball
1-1: Called Strike
1-2: Ball
2-2: Ball
3-2: Ground out 3-1 (Groundball, 34, EV 86.9 MPH)
Top of the 4th over - 0 runs, 0 hits, 0 errors, 0 left on base; Chicago 3 - Texas 0
BOTTOM OF THE 4TH
Texas Rangers batting - Pitching for Chicago Cubs : RHP Roland Otano
Batting: RHB Fee Durrell 0-0: Ball
1-0: Called Strike
1-1: Foul Ball, location: 2F
1-2: SINGLE (Flyball, 3D, EV 94.4 MPH)
Batting: RHB Yanus Cartageno 0-0: DOUBLE (Flyball, 8RXD, EV 108.1 MPH)
Fee Durrell to third
Batting: RHB Marco Ramos 0-0: Called Strike
0-1: Ball
1-1: Fly out, F9 (Line Drive, 9, EV 96.3 MPH)
Runner from 3rd tags up, SCORES, throw by RF
Yanus Cartageno to third
Batting: LHB Jedediah Graves 0-0: Ball
1-0: Ball
2-0: Swinging Strike
2-1: Ball
3-1: TRIPLE (Line Drive, 9LD, EV 106.3 MPH)
Yanus Cartageno scores
Batting: LHB Colton Moss 0-0: Ball
1-0: Called Strike
1-1: Ball
2-1: Ball
3-1: Base on Balls
Batting: RHB Pedro Medrano 0-0: Ball
1-0: DOUBLE (Flyball, 89D, EV 90.6 MPH)
Jedediah Graves scores
Colton Moss to third
Runner from 3rd tries for Home, SAFE, throw by RF to home
Batting: RHB Santo Alonso 0-0: Fly out, F8 (Flyball, 8RM, EV 93.1 MPH)
Runner from 2nd tags up, SAFE at 3rd with throw by CF
Batting: LHB Maverik Tullos 0-0: Called Strike
0-1: Ball
1-1: Foul Ball, location: 2F
1-2: Foul Ball, location: 5F
1-2: Strikes out swinging
Bottom of the 4th over - 4 runs, 4 hits, 0 errors, 1 left on base; Chicago 3 - Texas 4
TOP OF THE 5TH
Chicago Cubs batting - Pitching for Texas Rangers : RHP Lann Orange
Batting: RHB Bobby King 0-0: Ball
1-0: Called Strike
1-1: Ground out 4-3 (Groundball, 4, EV 104.4 MPH)
Batting: LHB Sebastian Reznik 0-0: Ball
1-0: Ground out 1-3 (Groundball, 34S, EV 65.6 MPH)
Batting: LHB Abdul Williams 0-0: Swinging Strike
0-1: Ball
1-1: SOLO HOME RUN (Line Drive, 9D, EV 97.5 MPH), Distance : 380 ft
Batting: RHB Meredith Moore 0-0: Foul Ball, location: 2F
0-1: Ground out 5-3 (Groundball, 56S, EV 65.6 MPH)
Top of the 5th over - 1 run, 1 hit, 0 errors, 0 left on base; Chicago 4 - Texas 4
BOTTOM OF THE 5TH
Texas Rangers batting - Pitching for Chicago Cubs : RHP Roland Otano
Batting: RHB Brock Boon 0-0: Foul Ball, location: 5F
0-1: Foul Ball, location: 2F
0-2: Ball
1-2: Foul Ball, location: 2F
1-2: Fly out, F4 (Popup, 3D, EV 55.0 MPH)
Batting: RHB Fee Durrell 0-0: Ball
1-0: Ball
2-0: Swinging Strike
2-1: Ball
3-1: Foul Ball, location: 3FF
3-2: DOUBLE (Line Drive, 78D, EV 110.6 MPH)
Pitching: RHP Luke Bogosian
Batting: RHB Yanus Cartageno 0-0: Called Strike
0-1: Foul Ball, location: 7LSF
0-2: Ball
1-2: Ball
2-2: Ball
3-2: Foul Ball, location: 3SF
3-2: SINGLE (Flyball, 8LS, EV 98.8 MPH)
Fee Durrell to third
Batting: RHB Marco Ramos 0-0: Called Strike
0-1: Foul Ball, location: 2F
0-2: Ball
1-2: Fly out, F6 (Popup, 6S, EV 83.8 MPH)
Batting: LHB Jedediah Graves 0-0: Ball
1-0: Called Strike
1-1: Ball
2-1: Ball
3-1: Foul Ball, location: 25FF
3-2: Base on Balls
Yanus Cartageno to second
Batting: LHB Colton Moss 0-0: Foul Ball, location: 2F
0-1: Ball
1-1: Foul Ball, location: 5F
1-2: Fly out, F7 (Flyball, 7S, EV 80.0 MPH)
Bottom of the 5th over - 0 runs, 2 hits, 0 errors, 3 left on base; Chicago 4 - Texas 4
TOP OF THE 6TH
Chicago Cubs batting - Pitching for Texas Rangers : RHP Lann Orange
Batting: LHB Ben Waters 0-0: Ball
1-0: Ball
2-0: Ball
3-0: Called Strike
3-1: Fly out, F7 (Flyball, 7D, EV 111.3 MPH)
Batting: LHB José Armijo 0-0: Ball
1-0: Called Strike
1-1: Fly out, F7 (Flyball, 78S, EV 86.3 MPH)
Batting: RHB Evan Dankowski 0-0: Swinging Strike
0-1: Ball
1-1: Called Strike
1-2: Strikes out looking
Top of the 6th over - 0 runs, 0 hits, 0 errors, 0 left on base; Chicago 4 - Texas 4
BOTTOM OF THE 6TH
Texas Rangers batting - Pitching for Chicago Cubs : RHP Luke Bogosian
Batting: RHB Pedro Medrano 0-0: Called Strike
0-1: Foul Ball, location: 2F
0-2: Ball
1-2: Foul Ball, location: 7LSF
1-2: Foul Ball, location: 9LMF
1-2: Ball
2-2: Ground out 5-3 (Groundball, 56S, EV 78.1 MPH)
Batting: RHB Santo Alonso 0-0: Called Strike
0-1: Ball
1-1: Ball
2-1: Ground out 6-3 (Groundball, 6M, EV 80.6 MPH)
Batting: LHB Maverik Tullos 0-0: Foul Ball, location: 2F
0-1: Ball
1-1: Swinging Strike
1-2: SOLO HOME RUN (Flyball, 89XD, EV 101.3 MPH), Distance : 404 ft
Batting: RHB Brock Boon 0-0: Ball
1-0: Called Strike
1-1: Foul Ball, location: 2RF
1-2: SINGLE (Line Drive, 89S, EV 90.6 MPH)
Batting: RHB Fee Durrell 0-0: Ball
1-0: Ball
2-0: Foul Ball, location: 2F
2-1: SINGLE (Line Drive, 8LS, EV 91.9 MPH)
Brock Boon to second
Batting: RHB Yanus Cartageno 0-0: Ball
1-0: DOUBLE (Line Drive, 9LM, EV 103.8 MPH)
Brock Boon scores
Fee Durrell to third
Runner from 3rd tries for Home, SAFE, no throw by RF
Pitching: RHP Lawrence Dagley
Batting: RHB Marco Ramos 0-0: Ball
1-0: Ball
2-0: Foul Ball, location: 9LDF
2-1: Fly out, F9 (Flyball, 89M, EV 78.8 MPH)
Bottom of the 6th over - 3 runs, 4 hits, 0 errors, 1 left on base; Chicago 4 - Texas 7
TOP OF THE 7TH
Chicago Cubs batting - Pitching for Texas Rangers : RHP Lann Orange
Batting: RHB Jonah Daley 0-0: Ball
1-0: Called Strike
1-1: Ball
2-1: Swinging Strike
2-2: Foul Ball, location: 9LDF
2-2: Foul Ball, location: 5FF
2-2: TRIPLE (Flyball, 89XD, EV 98.8 MPH)
Batting: RHB Derek McCone 0-0: Foul Ball, location: 23F
0-1: Ball
1-1: Ball
2-1: DOUBLE (Groundball, 5L, EV 103.1 MPH)
Jonah Daley scores
Batting: RHB Bobby King 0-0: Ground out 5-3 (Groundball, 56, EV 89.4 MPH)
Derek McCone to third
Batting: LHB Sebastian Reznik 0-0: Ball
1-0: Ball
2-0: Ball
3-0: Called Strike
3-1: Ground out 3-1 (Groundball, 34S, EV 65.6 MPH)
Derek McCone scores
Batting: LHB Abdul Williams 0-0: Ball
1-0: Ball
2-0: Called Strike
2-1: Ball
3-1: Fly out, F9 (Flyball, 89M, EV 98.8 MPH)
Top of the 7th over - 2 runs, 2 hits, 0 errors, 0 left on base; Chicago 6 - Texas 7
BOTTOM OF THE 7TH
Texas Rangers batting - Pitching for Chicago Cubs : RHP Lawrence Dagley
Batting: LHB Jedediah Graves 0-0: Ball
1-0: Ball
2-0: Called Strike
2-1: Ground out 6-3 (Groundball, 56, EV 103.8 MPH)
Batting: LHB Colton Moss 0-0: Ball
1-0: Foul Ball, location: 2F
1-1: Foul Ball, location: 2F
1-2: Ball
2-2: Ball
3-2: Foul Ball, location: 7LDF
3-2: SINGLE (Groundball, 6M, EV 105.6 MPH) (infield hit)
Batting: RHB Pedro Medrano 0-0: Ball
1-0: Ball
2-0: Ball
3-0: Called Strike
3-1: Grounds into double play, 6-4-3 (Groundball, 6S, EV 87.5 MPH)
Bottom of the 7th over - 0 runs, 1 hit, 0 errors, 0 left on base; Chicago 6 - Texas 7
TOP OF THE 8TH
Chicago Cubs batting - Pitching for Texas Rangers : RHP Lann Orange
Pitching: LHP Bobby Walker
Now in CF: Matt Mechler
Now in RF: Jedediah Graves
Batting: RHB Meredith Moore 0-0: Ground out 4-3 (Groundball, 4M, EV 91.3 MPH)
Batting: LHB Ben Waters 0-0: Ball
1-0: Called Strike
1-1: Swinging Strike
1-2: Strikes out swinging
Batting: LHB José Armijo 0-0: Ball
1-0: Ball
2-0: SINGLE (Flyball, 78D, EV 111.9 MPH)
Batting: RHB Evan Dankowski 0-0: Swinging Strike
0-1: Ball
1-1: SINGLE (Groundball, 34D, EV 105.6 MPH)
José Armijo to second
Runner from 2nd tries for 3rd, SAFE, no throw by RF
Batting: RHB Jonah Daley 0-0: Foul Ball, location: 3SF
0-1: SINGLE (Line Drive, 78S, EV 106.9 MPH)
José Armijo scores
Evan Dankowski to second
Batting: RHB Derek McCone 0-0: Called Strike
0-1: Ball
1-1: Ball
2-1: Ball
3-1: Foul Ball, location: 2F
3-2: SINGLE (Line Drive, 6D, EV 95.6 MPH)
Evan Dankowski to third
Jonah Daley to second
Evan Dankowski scores
Jonah Daley to third
Batting: RHB Bobby King 0-0: Ball
1-0: Ball
2-0: Ball
3-0: Base on Balls
Derek McCone to second
Batting: LHB Sebastian Reznik 0-0: Called Strike
0-1: Foul Ball, location: 2F
0-2: Foul Ball, location: 2F
0-2: Strikes out swinging
Top of the 8th over - 2 runs, 4 hits, 0 errors, 3 left on base; Chicago 8 - Texas 7
BOTTOM OF THE 8TH
Texas Rangers batting - Pitching for Chicago Cubs : RHP Lawrence Dagley
Batting: RHB Santo Alonso 0-0: SINGLE (Line Drive, 78S, EV 106.9 MPH)
Batting: LHB Maverik Tullos 0-0: Ball
1-0: Foul Ball, location: 2F
1-1: Swinging Strike
1-2: Fly out, F5 (Popup, 5F, EV 62.5 MPH)
Batting: RHB Brock Boon 0-0: Ball
1-0: DOUBLE (Line Drive, 7LS, EV 87.5 MPH)
Santo Alonso to third
Batting: RHB Fee Durrell 0-0: Ball
1-0: Ball
2-0: Foul Ball, location: 2F
2-1: Foul Ball, location: 3DF
2-2: Ball
3-2: Foul Ball, location: 9LSFF
3-2: DOUBLE (Line Drive, 89XD, EV 107.5 MPH)
Santo Alonso scores
Brock Boon scores
Pitching: LHP Duncan O'Reilly
Batting: RHB Yanus Cartageno 0-0: Ball
1-0: Foul Ball, location: 2LF
1-1: Ball
2-1: Swinging Strike
2-2: Foul Ball, location: 25F
2-2: Ball
3-2: Strikes out looking
Batting: RHB Marco Ramos 0-0: Swinging Strike
0-1: Swinging Strike
0-2: Ball
1-2: Strikes out swinging
Bottom of the 8th over - 2 runs, 3 hits, 0 errors, 1 left on base; Chicago 8 - Texas 9
TOP OF THE 9TH
Chicago Cubs batting - Pitching for Texas Rangers : LHP Bobby Walker
Pitching: RHP Matias Roberts
Now at 1B: Roman De Gama
Batting: LHB Abdul Williams 0-0: Ball
1-0: Called Strike
1-1: Foul Ball, location: 7LSF
1-2: Ball
2-2: Foul Ball, location: 3F
2-2: Ball
3-2: SOLO HOME RUN (Flyball, 9LD, EV 96.3 MPH), Distance : 353 ft
Batting: RHB Meredith Moore 0-0: Ball
1-0: Ball
2-0: Foul Ball, location: 9LMF
2-1: Foul Ball, location: 2F
2-2: Ball
3-2: DOUBLE (Line Drive, 78D, EV 85.0 MPH)
Batting: LHB Ben Waters 0-0: Intentional Walk
Batting: LHB José Armijo 0-0: Ball
1-0: Ball
2-0: Ball
3-0: Base on Balls
Meredith Moore to third
Ben Waters to second
Batting: RHB Evan Dankowski 0-0: Called Strike
0-1: Ball
1-1: Called Strike
1-2: Ball
2-2: Ball
3-2: GRAND SLAM HOME RUN (Flyball, 89XD, EV 98.8 MPH), Distance : 395 ft
Pitching: RHP Julian Busch
Batting: RHB Jonah Daley 0-0: Ball
1-0: Ball
2-0: Fly out, F3 (Popup, 3SF, EV 79.4 MPH)
Batting: RHB Derek McCone 0-0: Ball
1-0: Ball
2-0: Ball
3-0: Base on Balls
Batting: RHB Bobby King 0-0: Ball
1-0: Ball
Derek McCone steals 2nd base
2-0: Ball
3-0: Foul Ball, location: 2F
3-1: SINGLE (Line Drive, 8LS, EV 104.4 MPH)
Derek McCone to third
Runner from 3rd tries for Home, SAFE, throw by CF to home
Batting: LHB Sebastian Reznik 0-0: Foul Ball, location: 5SF
0-1: Grounds into double play, 3-6-3 (Groundball, 3, EV 105.0 MPH)
Top of the 9th over - 6 runs, 4 hits, 0 errors, 0 left on base; Chicago 14 - Texas 9
BOTTOM OF THE 9TH
Texas Rangers batting - Pitching for Chicago Cubs : LHP Duncan O'Reilly
Now at 2B: Andy Washington
Now at 3B: Yefferson Parras
Now in LF: Britt Bell
Batting: LHB Jedediah Graves 0-0: Foul Ball, location: 2F
0-1: Ball
1-1: Ball
2-1: Foul Ball, location: 2RF
2-2: Strikes out swinging
Batting: RHB Matt Mechler 0-0: Foul Ball, location: 2F
0-1: Swinging Strike
0-2: Ball
1-2: Ball
2-2: Ground out 5-3 (Groundball, 56S, EV 81.3 MPH)
Batting: RHB Pedro Medrano 0-0: Ball
1-0: Ball
2-0: SINGLE (Line Drive, 7S, EV 99.4 MPH)
Batting: RHB Santo Alonso 0-0: Ball
1-0: Foul Ball, location: 9LSF
1-1: Foul Ball, location: 2F
1-2: Ball
2-2: Ball
3-2: Foul Ball, location: 3F
3-2: Strikes out swinging
Bottom of the 9th over - 0 runs, 1 hit, 0 errors, 1 left on base; Chicago 14 - Texas 9
Saturday, March 30th , 2024 - OOTP Baseball 24.11 Build 85